 Dungeon Crawl Stone Soup version 0.18.1-50-g88ac8fd (webtiles) character file.

16 jerryfan the Insei (level 2, -1/23 HPs)
             Began as a Demigod Transmuter on Sept 27, 2016.
             Succumbed to a kobold's poison
             ... on level 1 of the Dungeon on Sept 28, 2016.
             The game lasted 00:03:41 (567 turns).

jerryfan the Insei (Demigod Transmuter)              Turns: 567, Time: 00:03:41

Health: -1/23      AC:  5    Str: 13    XL:     2   Next: 24%
Magic:  7/7        EV: 11    Int: 17    God:
Gold:   39         SH:  0    Dex: 16    Spells: 1 memorised, 4 levels left

rFire  . . .     SeeInvis .     h - +0 dagger
rCold  . . .     Gourm    .     k - +0 ring mail
rNeg   . . .     Faith    .     (no shield)
rPois  .         Spirit   .     (no helmet)
rElec  .         Dismiss  .     (no cloak)
rCorr  .         Reflect  .     (no gloves)
SustAt +         Harm     .     (no boots)
MR     .....                    (no amulet)
Stlth  +.........               (no ring)
                                (no ring)

@: lethally poisoned (-1 -> -45), not resistant to hostile enchantments, very
unstealthy
A: high mp 1, sustain attributes
a: no special abilities


You were on level 1 of the Dungeon.
You were not hungry.

You visited 1 branch of the dungeon, and saw 1 of its levels.

You collected 39 gold pieces.

Inventory:

Hand Weapons
 e - a +0 mace
 h - a +0 dagger (weapon)
 j - a +0 spear
Missiles
 a - 12 arrows
Armour
 b - a +0 robe
 i - a +0 leather armour
 k - a +0 ring mail (worn)
Scrolls
 f - a scroll of identify {unknown}
 m - a scroll of magic mapping {unknown}
Potions
 g - a potion of heal wounds {unknown}
Books
 c - a book of Changes

   Spells                             Type                      Level
   a - Beastly Appendage              Transmutation                1
   b - Sticks to Snakes               Transmutation                2
   c - Spider Form                    Transmutation/Poison         3
   d - Ice Form                       Ice/Transmutation            4
   e - Blade Hands                    Transmutation                5
Comestibles
 d - a bread ration
 l - 2 chunks of flesh


   Skills:
 + Level 1.0 Fighting
 + Level 0.1 Armour
 + Level 2.0 Dodging
 + Level 2.9 Unarmed Combat
 + Level 2.0 Spellcasting
 + Level 2.0 Transmutations


You had 4 spell levels left.
You knew the following spells:

 Your Spells              Type           Power        Failure   Level  Hunger
a - Beastly Appendage     Trmt           #.....       21%         1    #......


Dungeon Overview and Level Annotations

Branches:
Dungeon (1/15)


Innate Abilities, Weirdness & Mutations

You have an increased reservoir of magic (+10% MP).
Your attributes are resistant to harm.


Message History

The rat bites you but does no damage. The kobold hits you but does no damage.
You are more poisoned.
You hit the kobold.
The kobold is heavily wounded.
You feel sick. The rat barely misses you. The kobold barely misses you.
You barely miss the kobold.
The kobold is heavily wounded.
You feel sick. The rat closely misses you.
The kobold hits you with a dagger of venom.
* * * LOW HITPOINT WARNING * * *
You are more poisoned.
You barely miss the kobold.
The kobold is heavily wounded.
* * * LOW HITPOINT WARNING * * *
You feel very sick. The rat bites you but does no damage.
The kobold hits you but does no damage.
You are more poisoned.
You hit the kobold but do no damage.
The kobold is heavily wounded.
You die...

## ....# >..# ####
...## #... ...# #...
...####
#...#######.....#####
#..K#................
#.)r@.#...÷.........
#.........÷.........
#...###....#.##..#.#.
#... ###.....#.....#
#... ####.........
#... #.#....... ####
#.####.#.. #..# #.#..
########.###.#..


You could see a kobold and a rat.

Vanquished Creatures
  A dart slug (D:1)
  A bat (D:1)
  2 giant cockroaches (D:1)
  4 goblins (D:1)
  A jackal (D:1)
  2 giant newts (D:1)
  2 rats (D:1)
13 creatures vanquished.

Vanquished Creatures (others)
  A giant cockroach (D:1)
1 creature vanquished.

Grand Total: 14 creatures vanquished

Notes
Turn   | Place    | Note
--------------------------------------------------------------
     0 | D:1      | jerryfan the Demigod Transmuter began the quest for the Orb.
     0 | D:1      | Reached XP level 1. HP: 15/15 MP: 5/5
     9 | D:1      | Reached skill level 1 in Fighting
   201 | D:1      | Reached XP level 2. HP: 2/23 MP: 5/7
   567 | D:1      | Succumbed to a kobold's poison

Skill      XL: |  1  2 |
---------------+-------+-----
Fighting       | 1 |  1.0
Spellcasting   | 2 |  2.0
Transmutations | 2 |  2.0
Dodging        | 2 |  2.0
Armour         | |  0.1
Unarmed Combat | |  2.9

Action                   || total
-------------------------++-------
Melee: Spear             ||    12
       Dagger            ||    35
       Mace              ||     6
       Unarmed           ||     5
       Kick              ||     5
 Cast: Beastly Appendage ||     1
Armor: Ring mail         ||    23
       Leather armour    ||     3
       Robe              ||     1
Dodge: Dodged            ||    51
